 Dungeon Crawl Stone Soup version 0.29.1-15-g9cfb28693d (webtiles) character file.

Game seed: 3928382313910440905

74 kingofthe the Caller (level 4, -2/30 HPs)
             Began as a Merfolk Summoner on Feb 27, 2023.
             Slain by Crazy Yiuf
             ... wielding a +3 quarterstaff of chaos
              (9 damage)
             ... on level 2 of the Dungeon.
             The game lasted 00:05:55 (1922 turns).

kingofthe the Caller (Merfolk Summoner)             Turns: 1922, Time: 00:05:56

Health: -2/30      AC:  2    Str:  8    XL:     4   Next: 30%
Magic:  3/7        EV: 13    Int: 14    God:
Gold:   159        SH:  4    Dex: 16    Spells: 2/8 levels left

rFire   . . .      SeeInvis .   j - +0 spear
rCold   . . .      Faith    .   l - +0 buckler
rNeg    . . .      Spirit   .   a - +0 robe
rPois   .          Reflect  .   (no helmet)
rElec   .          Harm     .   (no cloak)
rCorr   .          Rampage  .   (no gloves)
Will    .....                   (no boots)
Stlth   ++........              e - amulet of regeneration
HPRegen 0.90/turn               (no ring)
MPRegen 0.10/turn               (no ring)

@: no status effects
A: (nimble swimmer 2), mertail
a: no special abilities


You were on level 2 of the Dungeon.
You visited 1 branch of the dungeon, and saw 2 of its levels.

You collected 159 gold pieces.


Innate Abilities, Weirdness & Mutations

((You are very nimble when in or above water. (Stealth+, EV+, Speed+++)))
Your lower body shifts to a powerful aquatic tail in water.


   Skills:
 + Level 3.6 Dodging
 + Level 3.1 Stealth
 * Level 0.6 Shields
 + Level 2.5 Spellcasting
 + Level 4.4 Summonings


You had 2 spell levels left.
You knew the following spells:

 Your Spells              Type           Power      Damage    Failure   Level
a - Summon Small Mammal   Summ           56%        N/A       4%          1
b - Call Imp              Summ           14%        N/A       8%          2
c - Call Canine Familiar  Summ           14%        N/A       14%         3

Your spell library contained the following spells:

 Spells                   Type           Power      Damage    Failure   Level
 Summon Guardian Golem    Hex/Summ       8%         N/A       36%         3
 Summon Lightning Spire   Summ/Air       8%         N/A       77%         4

Inventory:

Hand Weapons
 d - a +0 short sword
 j - a +0 spear (weapon)
Armour
 a - a +0 robe (worn)
 l - a +0 buckler (worn)
Jewellery
 e - an amulet of regeneration (around neck)
Scrolls
 g - 3 scrolls of teleportation {unknown}
 h - a scroll of summoning {unknown}
 i - a scroll of butterflies {unknown}
 k - a scroll of identify {unknown}
 n - a scroll of immolation {unknown}
 o - a scroll of vulnerability {unknown}
Potions
 b - a potion of magic
 c - a potion of curing {unknown}
 f - a potion of lignification {unknown}
 m - a potion of invisibility {unknown}
 p - a potion of ambrosia {unknown}

Dungeon Overview and Level Annotations

Branches:
Dungeon (2/15)

Altars:

Annotations:
D:2 Crazy Yiuf

#.# #..## #......
######.# #..# #......
#......# #..# #......
#.###.## #..# #......
#># #..###..# #>.....
#.# #...##..# ##......
#####..########.......
#....# #..........
#5@PP# #..........
#.gP## #..........
##.## #.##....... #.##
#.........# ##.#
#.##.#....# #.##
#.##.###... ##.#
#....###..# ▒'▒
#.........# ...
#########..


You could see Crazy Yiuf (ally target) and a friendly shadow imp (summoned).


Message History

Crazy Yiuf hits you with a +3 quarterstaff of chaos!
Crazy Yiuf freezes you.
Crazy Yiuf hits your white imp with a +3 quarterstaff of chaos!
Your white imp dies!
Your white imp disappears in a puff of smoke!
You reach to attack!
You barely miss Crazy Yiuf.
Crazy Yiuf cries, "Ghoul sing poople!"
Crazy Yiuf attacks as you move away! You block Crazy Yiuf's attack.
Casting: Call Imp (safe; 8% risk of failure)
Confirm with . or Enter, or press ? or * to list all spells.
A shadowy apparition takes form in the air.
Crazy Yiuf misses you.
You barely miss Crazy Yiuf.
Crazy Yiuf says, "Ghoul Hive Xom!"
Crazy Yiuf hits you with a +3 quarterstaff of chaos!
* * * LOW HITPOINT WARNING * * *
Crazy Yiuf freezes you.
* * * LOW HITPOINT WARNING * * *
Your shadow imp barely misses Crazy Yiuf.
You hit Crazy Yiuf.
Crazy Yiuf is moderately wounded.
Crazy Yiuf hits you with a +3 quarterstaff of chaos.
* * * LOW HITPOINT WARNING * * *
You feel your power leaking away.
Your shadow imp hits Crazy Yiuf but does no damage.
Unknown command.
You closely miss Crazy Yiuf.
Crazy Yiuf is moderately wounded.
Crazy Yiuf hits you with a +3 quarterstaff of chaos!
You die...

Skill      XL: |  1  2  3 |
---------------+----------+-----
Dodging        | 3 |  3.6
Stealth        | 3 |  3.1
Shields        | |  0.6
Spellcasting   | |  2.5
Summonings     | |  4.4

Action                   |  1- 3 |  4- 6 || total
-------------------------+-------+-------++-------
Melee: Short sword       |    72 |       ||    72
       Unarmed           |     6 |       ||     6
       Punch             |     1 |       ||     1
       Tailslap          |     1 |       ||     1
       Spear             |    41 |    29 ||    70
 Cast: Summon Small Mamm |    14 |     2 ||    16
       Call Imp          |    10 |     4 ||    14
 Stab: Distracted        |     3 |       ||     3
       Sleeping          |     2 |       ||     2
Armor: Robe              |    23 |     2 ||    25
Dodge: Dodged            |    86 |    22 ||   108
Block: Buckler           |     1 |     5 ||     6

Levels and vault maps discovered:
D:1:      eino_arrival_cavern_e, layout_basic,
          dreamdust_ecumenical_altar_angels_and_demons, kennysheep_boxes
D:2:      layout_loops_ring, minmay_three_crescents, uniq_crazy_yiuf_cottage

Notes
Turn   | Place    | Note
-------+----------+-------------------------------------------
     0 | D:1      | kingofthe the Merfolk Summoner began the quest for the Orb.
     0 | D:1      | Reached XP level 1. HP: 13/13 MP: 3/3
   141 | D:1      | Reached XP level 2. HP: 19/19 MP: 5/5
   165 | D:1      | Reached skill level 3 in Dodging
   472 | D:1      | Reached XP level 3. HP: 19/24 MP: 4/6
   475 | D:1      | Learned a level 2 spell: Call Imp
   669 | D:1      | Found a faded altar of an unknown god.
   872 | D:2      | Learned a level 3 spell: Call Canine Familiar
  1105 | D:2      | Reached skill level 3 in Stealth
  1222 | D:2      | Reached XP level 4. HP: 22/30 MP: 5/7
  1551 | D:2      | Found a runed translucent door.
  1552 | D:2      | Noticed Crazy Yiuf
  1922 | D:2      | Slain by Crazy Yiuf

Vanquished Creatures
  A worm (D:2)
  2 dart slugs
  4 endoplasms (D:1)
  2 giant cockroaches (D:1)
  4 goblins
  A hobgoblin (D:2)
  8 jackals
  4 kobolds (D:1)
  A quokka (D:1)
  2 ball pythons (D:1)
  A bat (D:2)
  2 frilled lizards
  3 rats (D:2)
35 creatures vanquished.

Vanquished Creatures (collateral kills)
  A dart slug (D:2)
  4 endoplasms
  A giant cockroach (D:1)
  3 goblins
  A hobgoblin (D:2)
  2 kobolds
  2 quokkas (D:2)
  2 bats
  4 frilled lizards
  3 rats
23 creatures vanquished.

Grand Total: 58 creatures vanquished

Table legend: (Time is in decaauts)
 A = Elapsed time spent in this place.
 B = Non-inter-level travel time spent in this place.
 C = Inter-level travel time spent in this place.
 D = Time resting spent in this place.
 E = Time spent auto-exploring this place.
 F = Levels seen in this place.
 G = Mean time per level.
                   A        B        C        D        E       F      G
               +--------+--------+--------+--------+--------+-----+--------+
         Total |   1912 |   1876 |     36 |     60 |   1370 |   2 |  956.0 |
       Dungeon |   1912 |   1876 |     36 |     60 |   1370 |   2 |  956.0 |
               +--------+--------+--------+--------+--------+-----+--------+

Top non-repeatable levels by time:
     D:2: 1063 daAuts
     D:1: 849 daAuts

Table legend:
 A = Non-vault XP
 B = Vault XP
 C = Vault XP percentage of total XP
 D = Non-vault monster count
 E = Vault monster count
 F = Vault count percentage of total count
                 A         B        C        D         E       F
            +---------+---------+-------+---------+---------+-------
      Total |      94 |      13 |  12.1 |      52 |       6 |  10.3
            +---------+---------+-------+---------+---------+-------
        D:1 |      55 |       0 |   0.0 |      32 |       0 |   0.0
        D:2 |      39 |      13 |  25.0 |      20 |       6 |  23.1
            +---------+---------+-------+---------+---------+-------
